 Dungeon Crawl Stone Soup version 0.26-b1-32-g5d43845318 (webtiles) character file.

Game seed: 8319120085618423822

112 Dirian the Shield-Bearer (level 4, -8/40 HPs)
             Began as a Minotaur Fighter on Jan 8, 2021.
             Killed by nerve-wracking pain
             ... invoked by an orc priest
              (13 damage)
             ... on level 3 of the Dungeon.
             The game lasted 00:02:27 (1777 turns).

Dirian the Shield-Bearer (Minotaur Fighter)         Turns: 1777, Time: 00:02:28

Health: -8/40      AC: 10    Str: 22    XL:     4   Next: 63%
Magic:  3/3        EV:  7    Int:  5    God:
Gold:   132        SH:  9    Dex:  9    Spells: 3/3 levels left

rFire    . . .     SeeInvis .   a - +0 war axe
rCold    . . .     Faith    .   c - +0 kite shield
rNeg     . . .     Spirit   .   b - +0 scale mail
rPois    .         Reflect  .   r - +2 hat
rElec    .         Harm     .   (no cloak)
rCorr    .         Rampage  .   t - +0 pair of gloves
Will     .....                  (no boots)
Stlth    ..........             (no amulet)
HPRegen  0.13/turn              (no ring)
MPRegen  0.08/turn              (no ring)

@: no status effects
A: retaliatory headbutt, horns 2
a: no special abilities


You were on level 3 of the Dungeon.
You visited 1 branch of the dungeon, and saw 3 of its levels.

You collected 132 gold pieces.

Inventory:

Hand Weapons
 a - a +0 war axe (weapon)
Armour
 b - a +0 scale mail (worn)
 c - a +0 kite shield (worn)
 g - a +0 plate armour
 r - a +2 hat (worn)
 t - a +0 pair of gloves (worn)
 u - a +0 chain mail
Jewellery
 h - a cursed ring of teleportation {unknown}
Scrolls
 f - a scroll of random uselessness {unknown}
 k - 2 scrolls of identify {unknown}
 l - 3 scrolls of teleportation {unknown}
 m - a scroll of blinking {unknown}
 n - a scroll of remove curse {unknown}
 p - a scroll of enchant armour {unknown}
 q - a scroll of amnesia {unknown}
Potions
 d - a potion of might
 e - 2 potions of attraction {unknown}
 i - a potion of berserk rage {unknown}
 j - a potion of haste {unknown}
 o - a potion of degeneration {unknown}
 s - 2 potions of curing {unknown}


   Skills:
 + Level 4.2 Fighting
 + Level 3.7 Axes
 + Level 4.5 Armour
 + Level 4.6 Shields


You had 3 spell levels left.
You didn't know any spells.
Your spell library was empty.

Dungeon Overview and Level Annotations

Branches:
Dungeon (3/15)

Altars:
Makhleb
Nemelex Xobeh

Annotations:
D:2 1 transporter


Innate Abilities, Weirdness & Mutations

You reflexively headbutt those who attack you in melee.
You have a pair of horns on your head.


Message History

You closely miss the orc.
An orc wizard comes into view.
It is wielding a +0 dagger and wearing a +0 robe of positive energy.
The orc priest hits you from afar with a +0 trident.
* * * LOW HITPOINT WARNING * * *
The orc wizard shouts!
You slash the orc!
You kill the orc!
The orc wizard casts a cantrip, but nothing happens.
The orc priest hits you but does no damage.
The orc priest hits you but does no damage.
You hit the orc priest.
The orc priest is heavily wounded.
The orc priest mumbles some strange prayers to Beogh against you.
You barely resist. You barely miss the orc priest.
The orc priest is heavily wounded.
The orc priest hits you but does no damage.
The orc priest calls down the wrath of Beogh upon you.
Pain shoots through your body!
You die...

.o #. #. #.
##o## ##..o##
##...)@######.
##.....).......
#.....[...####.
+.........+
#.........#
##...(....#
##.....#.#
##...##...
##'## .###


You could see an orc priest and an orc wizard.

Vanquished Creatures
  A centaur skeleton (D:2)
  3 adders (D:2)
  An ooze (D:1)
  2 worms (D:2)
  3 dart slugs
  6 orcs
  4 goblins
  A hobgoblin (D:1)
  5 jackals (D:1)
  A ball python (D:1)
  5 bats
  2 frilled lizards (D:2)
  A kobold (D:1)
  5 rats
40 creatures vanquished.

Notes
Turn   | Place    | Note
-------+----------+-------------------------------------------
     0 | D:1      | Dirian the Minotaur Fighter began the quest for the Orb.
     0 | D:1      | Reached XP level 1. HP: 19/19 MP: 0/0
   136 | D:1      | Reached XP level 2. HP: 27/27 MP: 1/1
   730 | D:2      | Reached XP level 3. HP: 24/33 MP: 2/2
  1054 | D:2      | Found a burning altar of Makhleb.
  1297 | D:2      | Reached XP level 4. HP: 40/40 MP: 3/3
  1336 | D:2      | Found a sparkling altar of Nemelex Xobeh.
  1336 | D:2      | Found a transporter.
  1337 | D:2      | Noticed a water moccasin
  1777 | D:3      | Killed from afar by an orc priest

Illustrated notes

Levels and vault maps discovered:
D:1:      giann_wishing_wells, layout_basic, minmay_pentomino_z4
D:2:      layout_loops_ring, nicolae_overflow_hidden_temple,
          grunt_nemelex_the_gamble
D:3:      layout_loops_corners, grunt_gozag_breadcrumbs, tso_altar,
          nicolae_qazlal_general_emergency, yredelemnul_altar_generic,
          ebering_ghost_sewer_d

Skill      XL: |  1  2  3 |
---------------+----------+-----
Armour         | 4 |  4.5
Shields        | 4 |  4.6
Fighting       | 4 |  4.2
Axes           | 3 |  3.7

Action                   |  1- 3 |  4- 6 || total
-------------------------+-------+-------++-------
Melee: War axe           |    90 |    19 ||   109
       Headbutt          |     9 |     3 ||    12
Armor: Scale mail        |    60 |     7 ||    67
Dodge: Dodged            |    31 |     3 ||    34
Block: Kite shield       |    51 |     7 ||    58
